 Dungeon Sprint DCSS version 0.20.1-1-g8b1a95d (webtiles) character file.

26154 Jannitor the Fencer (level 12, -2/132 HPs)
             Began as a Deep Dwarf Gladiator on Sept 23, 2017.
             Was a High Priest of Makhleb.
             Killed from afar by a deep elf knight (7 damage)
             ... with a stone arrow
             ... in the Dungeon (Sprint V: "Ziggurat Sprint").
             The game lasted 00:13:24 (1210 turns).

Jannitor the Fencer (Deep Dwarf Gladiator)          Turns: 1210, Time: 00:13:25

Health: -2/132     AC: 34    Str: 27    XL:     12   Next: 95%
Magic:  20/20      EV: 10    Int: 10    God:    Makhleb [*****.]
Gold:   0          SH:  0    Dex: 18    Spells: 11/11 levels left

rFire    + . .     SeeInvis +   M - +11 plutonium sword {*Contam Stlth-}
rCold    + . .     Gourm    .   (shield currently unavailable)
rNeg     + . .     Faith    .   L - +5 gold dragon scales
rPois    +         Spirit   .   a - +0 mask of the Dragon {MR+ Slay+3 SInv}
rElec    .         Reflect  .   (no cloak)
rCorr    .         Harm     .   W - +2 pair of gloves {Dex+3}
MR       +++++     Clarity  +   U - +2 pair of boots {run} Stlth ..........NoTele +
                                R - amulet of the Four Winds {rN+ MR+++ Clar}
Regen    0.0/turn               F - +6 ring of strength
MPRegen  0.2/turn               b - ring of Robustness {AC+8}

@: engulfed (cannot breathe), corroded, non-regenerating, quick
A: damage resistance, heal wounds, sense surroundings 2, no regeneration
a: Heal Wounds, Minor Destruction, Lesser Servant of Makhleb, Major Destruction,
Greater Servant of Makhleb, Renounce Religion


You were in the Dungeon.
You worshipped Makhleb.
Makhleb was extremely pleased with you.
You were not hungry.

You visited 1 branch

Inventory:

Hand Weapons
 M - the +11 plutonium sword (weapon) {*Contam Stlth-}
   (You found it in the Dungeon)

   It causes magical contamination when unequipped.
   It makes you less stealthy.
 N - the +7 Singing Sword
   (You found it in the Dungeon)
 O - the +9 sword of Zonguldrok {reap}
   (You found it in the Dungeon)

   If a monster killed with it leaves a corpse in good enough shape, the corpse
   will be animated as a zombie friendly to the killer.
 P - the +1 sword of Power
   (You found it in the Dungeon)
Missiles
 d - 3 throwing nets (quivered)
Armour
 a - the +0 mask of the Dragon (worn) {MR+ Slay+3 SInv}
   (You found it in the Dungeon)

   It affects your accuracy and damage with ranged weapons and melee attacks
   (+3).
   It affects your resistance to hostile enchantments.
   It lets you see invisible.
 L - +5 gold dragon scales (worn)
 U - a +2 pair of boots of running (worn)
 W - a +2 pair of gloves of dexterity (worn)
 Y - the +2 helmet of the Game Afoot {MR++ Str+3}
   (You found it in the Dungeon)

   It affects your strength (+3).
   It affects your resistance to hostile enchantments.
Jewellery
 b - the ring of Robustness (right hand) {AC+8}
   (You found it in the Dungeon)

   [ring of protection]

   It affects your AC (+8).
 B - a +6 ring of dexterity
 C - a +6 ring of dexterity
 D - a +6 ring of intelligence
 E - a +6 ring of intelligence
 F - a +6 ring of strength (left hand)
 G - a +6 ring of strength
 Q - an uncursed ring of flight
 R - the amulet of the Four Winds (around neck) {rN+ MR+++ Clar}
   (You found it in the Dungeon)

   [amulet of nothing]

   It protects you from negative energy.
   It affects your resistance to hostile enchantments.
   It protects you against confusion.
 X - the ring "Noreofoe" {+Fly rF+ rN+ SInv}
   (You found it in the Dungeon)

   [ring of see invisible]

   It protects you from fire.
   It protects you from negative energy.
   It lets you see invisible.
   It lets you fly.
Wands
 H - a wand of disintegration (7/24)
 I - a wand of iceblast (5/15)
 J - a wand of lightning (5/15)
 K - a wand of acid (5/15)
Scrolls
 k - 4 scrolls of blinking
 r - 4 scrolls of amnesia
 s - 3 scrolls of recharging
 t - 7 scrolls of fog
 u - a scroll of holy word
 v - 5 scrolls of identify
 w - 5 scrolls of remove curse
 x - a scroll of fear
 S - 4 scrolls of enchant armour
 T - 5 scrolls of brand weapon
Potions
 e - 10 potions of curing
 g - 10 potions of heal wounds
 h - 9 potions of haste
 i - 7 potions of magic
 j - 2 potions of berserk rage
 l - 2 potions of brilliance
 m - 2 potions of invisibility
 n - 4 potions of resistance
 p - 5 potions of agility
 q - 7 potions of might
Miscellaneous
 c - a phantom mirror
 o - a fan of gales
 y - a lightning rod (4/4)
 V - a phial of floods
Comestibles
 f - 4 bread rations
 z - 42 fruits
 A - 4 meat rations


   Skills:
 + Level 15.3 Fighting
 + Level 17.8 Long Blades
 - Level 1.7 Throwing
 + Level 17.7 Armour
 + Level 5.6 Dodging
 + Level 14.4 Invocations
 + Level 14.3 Evocations


You had 11 spell levels left.
You didn't know any spells.

Dungeon Overview and Level Annotations

Branches:
Dungeon (1/1)

Altars:
Ashenzari
Cheibriados
Dithmenos
Elyvilon
Fedhas
Gozag
Hepliaklqana
Kikubaaqudgha
Makhleb
Nemelex Xobeh
Okawaru
Qazlal
Ru
Sif Muna
Trog
Uskayaw
Vehumet
Xom
Yredelemnul
Zin
The Shining One
Beogh
Jiyva
Lugonu


Innate Abilities, Weirdness & Mutations

You are resistant to damage.
You can heal yourself by infusing magical energy.
You passively map the area around you.
You do not regenerate.


Message History

The arrow hits you. The water elemental barely misses you.
The glaive of flaming hits you from afar!!
You slash the water elemental!
The water elemental is moderately damaged.
* * * LOW HITPOINT WARNING * * *
Your lungs strain for air!
The deep elf knight points at you and mumbles some strange words.
The shard of ice hits you! You partially resist.
* * * LOW HITPOINT WARNING * * *
The deep elf knight closely misses you.
The deep elf master archer shoots an arrow.
The arrow hits you!
* * * LOW HITPOINT WARNING * * *
The deep elf knight hits you but does no damage.
The deep elf master archer shoots an arrow.
The arrow closely misses you.
The arrow hits the deep elf knight!!
The water elemental hits you.
The deep elf knight gestures at you while chanting.
The stone arrow hits you!
You die...

, , , ,
,,▓...E")|[}|...▓...
, ,, ,
,▓.............▓...
,,,
,,▓.............▓...
,, ,,
▓.....ee......▓... ,
,,
▓......e......▓... ,
, ,
▓....E(.e.....▓..▓
,, , , ▓E.▓.ee....▓
▓.▓. , ,, ,
▓e▓▓▓.ee..▓▓*.▓..▓ ,
, ,
,▓@e▓.......▓..▓...
, ,*
▓eE(..e.......▓▓▓▓ ,
, ,
,▓.............▓...
, , , , ,
▓▓▓▓▓▓▓▓▓▓▓▓▓▓▓..) ,
, , ▓... * , , ▓...
, , ,, , ,, ▓... ,,,
, , , ▓... , , , ,
*, , , , ▓...


You could see a deep elf master archer, a deep elf archer, 2 deep elf knights,
an earth elemental, a water elemental and a glaive of flaming.

Vanquished Creatures
  A bone dragon (D)
  A deep elf blademaster (D)
  2 vampire knights (D)
  A deep elf demonologist (D)
  A blizzard demon (D)
  A yaktaur captain (D)
  2 naga warriors (D)
  A hydra (D)
  3 anacondas (D)
  A vampire mage (D)
  An iron troll (D)
  A skeletal warrior (D)
  A deep elf mage (D)
  A salamander (D)
  3 cyclopes (D)
  2 guardian serpents (D)
  2 naga magi (D)
  2 black mambas (D)
  A smoke demon (D)
  2 komodo dragons (D)
  2 yaktaurs (D)
  A slime creature (D)
  2 hornets (D)
  A small abomination (D)
  A hippogriff (D)
  2 vampires (D)
  3 shadows (D)
  An air elemental (D)
  2 yaks (D)
  3 spriggans (D)
  A wyvern (D)
  A chaos spawn (D)
  A naga (D)
  A warg (D)
  A porcupine (D)
  2 water moccasins (D)
  2 black bears (D)
  3 orc warriors (D)
  4 wolves (D)
  2 crocodiles (D)
  3 centaurs (D)
  A bullfrog (D)
  2 crimson imps (D)
  A jelly (D)
  A quasit (D)
  3 orc priests (D)
  3 iron imps (D)
  An iguana (D)
  3 orc wizards (D)
  3 adders (D)
  2 shadow imps (D)
  A white imp (D)
  4 ufetubi (D)
  An ooze (D)
  An adder zombie (D)
  4 adder skeletons (D)
  6 ball pythons (D)
  2 bat skeletons (D)
  A bat zombie (D)
  A jackal (D)
  A giant cockroach zombie (D)
  A jackal zombie (D)
  A leopard gecko zombie (D)
  A quokka zombie (D)
114 creatures vanquished.

Vanquished Creatures (collateral kills)
  A deep elf sorcerer (D)
  A yaktaur (D)
  A naga (D)
  2 centaurs (D)
  A giant cockroach zombie (D)
6 creatures vanquished.

Vanquished Creatures (others)
  A spatial maelstrom (D)
  An adder skeleton (D)
2 creatures vanquished.

Grand Total: 122 creatures vanquished

Notes
Turn   | Place    | Note
-------+----------+-------------------------------------------
     0 | D        | Jannitor the Deep Dwarf Gladiator began the quest for the Orb.
     0 | D        | Reached XP level 1. HP: 19/19 MP: 1/1
     0 | D        | Found a deep blue altar of Sif Muna.
     0 | D        | Found a sacrificial altar of Ru.
     0 | D        | Found a bloodstained altar of Trog.
     0 | D        | Found a stormy altar of Qazlal.
     0 | D        | Found an iron altar of Okawaru.
     0 | D        | Found a sparkling altar of Nemelex Xobeh.
     0 | D        | Found a blossoming altar of Fedhas.
     2 | D        | Found a transporter.
     2 | D        | Found an ancient bone altar of Kikubaaqudgha.
     2 | D        | Found a viscous altar of Jiyva.
     2 | D        | Found a corrupted altar of Lugonu.
     2 | D        | Found a hazy altar of Hepliaklqana.
     2 | D        | Found a burning altar of Makhleb.
     2 | D        | Found an opulent altar of Gozag.
     7 | D        | Banished a spatial maelstrom
    57 | D        | Became a worshipper of Makhleb the Destroyer
    90 | D        | Reached XP level 2. HP: 26/26 MP: 2/2
    93 | D        | Entered arena 2.
    93 | D        | Found a transporter.
    95 | D        | Reached XP level 3. HP: 33/33 MP: 3/3
   118 | D        | Entered arena 3.
   118 | D        | Noticed a slime creature
   118 | D        | Found a transporter.
   125 | D        | Killed a slime creature
   125 | D        | Reached * piety under Makhleb
   125 | D        | Reached skill level 5 in Fighting
   125 | D        | Reached skill level 10 in Long Blades
   125 | D        | Reached XP level 4. HP: 24/48 MP: 4/4
   125 | D        | Reached XP level 5. HP: 28/55 MP: 5/5
   127 | D        | Reached XP level 6. HP: 28/62 MP: 6/6
   248 | D        | Entered arena 4.
   248 | D        | Found a transporter.
   251 | D        | Reached ** piety under Makhleb
   375 | D        | Entered arena 5.
   375 | D        | Noticed a small abomination
   375 | D        | Found a transporter.
   378 | D        | Reached *** piety under Makhleb
   379 | D        | Killed a small abomination
   383 | D        | Reached XP level 7. HP: 72/72 MP: 7/7
   392 | D        | Entered arena 6.
   392 | D        | Found a transporter.
   394 | D        | Reached **** piety under Makhleb
   410 | D        | Entered arena 7.
   411 | D        | Found a transporter.
   414 | D        | Reached ***** piety under Makhleb
   427 | D        | Entered arena 8.
   427 | D        | Noticed an eight-headed hydra
   427 | D        | Noticed a yak
   428 | D        | Found a transporter.
   433 | D        | Killed a ten-headed hydra
   433 | D        | Reached skill level 10 in Armour
   433 | D        | Reached XP level 8. HP: 61/85 MP: 8/8
   440 | D        | Reached ****** piety under Makhleb
   454 | D        | Identified a +2 pair of boots of running (You found it in the Dungeon)
   555 | D        | Entered arena 9.
   555 | D        | Noticed a naga mage
   555 | D        | Noticed a naga mage
   556 | D        | Found a transporter.
   560 | D        | Reached skill level 10 in Fighting
   570 | D        | Killed a naga mage
   570 | D        | Gained mutation: You passively map the area around you. [Deep Dwarf growth]
   570 | D        | Reached XP level 9. HP: 94/94 MP: 9/9
   574 | D        | Killed a naga mage
   621 | D        | Entered arena 10.
   621 | D        | Noticed a spriggan rider
   621 | D        | Noticed a spriggan rider
   621 | D        | Noticed a spriggan rider
   637 | D        | Found a transporter.
   648 | D        | Killed a spriggan rider
   648 | D        | Reached XP level 10. HP: 85/106 MP: 10/10
   663 | D        | Got the ring "Noreofoe" {+Fly rF+ rN+ SInv}
   668 | D        | Entered arena 11.
   672 | D        | Reached skill level 1 in Invocations
   673 | D        | Found a transporter.
   674 | D        | Reached skill level 1 in Evocations
   682 | D        | Got the +2 helmet of the Game Afoot {MR++ Str+3}
   700 | D        | Entered arena 12.
   703 | D        | Noticed a spiny frog
   712 | D        | Reached skill level 15 in Long Blades
   717 | D        | Noticed a salamander
   717 | D        | a spiny frog changed into a salamander
   725 | D        | Killed a salamander
   725 | D        | Reached skill level 5 in Invocations
   728 | D        | Reached skill level 5 in Evocations
   734 | D        | Found a transporter.
   767 | D        | Entered arena 13.
   768 | D        | Noticed a blizzard demon
   768 | D        | Noticed a bone dragon
   769 | D        | Noticed a smoke demon
   772 | D        | Found a transporter.
   776 | D        | Killed a smoke demon
   785 | D        | Killed a blizzard demon
   794 | D        | Killed a bone dragon
   794 | D        | Reached skill level 15 in Armour
   794 | D        | Reached XP level 11. HP: 92/117 MP: 15/17
   817 | D        | Entered arena 14.
   822 | D        | Noticed an anaconda
   822 | D        | Noticed a naga warrior
   823 | D        | Noticed an anaconda
   823 | D        | Noticed an anaconda
   823 | D        | Noticed a naga warrior
   827 | D        | Killed a naga warrior
   831 | D        | Killed an anaconda
   831 | D        | Reached skill level 10 in Invocations
   836 | D        | Reached skill level 10 in Evocations
   842 | D        | Killed a naga warrior
   844 | D        | Killed an anaconda
   851 | D        | Killed an anaconda
   855 | D        | Found a transporter.
   867 | D        | Entered arena 15.
   868 | D        | Noticed a yaktaur captain
   869 | D        | Noticed a stone giant
   869 | D        | Identified the +5 quarterstaff of Quta Vieloef {venom, rN+ SInv}
   874 | D        | Identified the +4 broad axe of Cujowe {chop, rPois rN+++ Str-4 Int+6}
   878 | D        | Noticed an iron troll
   878 | D        | a stone giant changed into an iron troll
   884 | D        | Killed an iron troll
   884 | D        | Reached XP level 12. HP: 93/128 MP: 19/19
   901 | D        | Killed a yaktaur captain
   936 | D        | Found a transporter.
   949 | D        | Got the ring of Amelioration {*Slow rPois AC+1 Dex+3}
   968 | D        | Entered arena 16.
   968 | D        | Noticed a vampire knight
   970 | D        | Noticed a vampire mage
   974 | D        | Noticed a vampire knight
   979 | D        | Killed a vampire mage
   988 | D        | Killed a vampire knight
   995 | D        | Killed a vampire knight
  1000 | D        | Reached skill level 15 in Fighting
  1037 | D        | Found a transporter.
  1163 | D        | Entered arena 17.
  1169 | D        | Noticed a deep elf sorcerer
  1170 | D        | Noticed a deep elf master archer
  1170 | D        | Noticed a deep elf demonologist
  1170 | D        | Noticed a deep elf blademaster
  1171 | D        | Noticed a deep elf master archer
  1187 | D        | Killed a deep elf blademaster
  1190 | D        | Killed a deep elf sorcerer
  1190 | D        | Reached skill level 5 in Dodging
  1202 | D        | Killed a deep elf demonologist
  1210 | D        | HP: 5/132 [deep elf master archer/arrow (4)]
  1210 | D        | Killed from afar by a deep elf knight

Skill      XL: |  1  2  3  4  5  6  7  8  9 10 11 12 |
---------------+-------------------------------------+-----
Long Blades    | 8 10 11 12 13 14 16 17 | 17.8
Fighting       | 2 5 6 7 9 10 12 13 14 15 | 15.3
Armour         | 2 6 8 10 11 13 15 16 17 | 17.7
Invocations    | 9 11 14 | 14.4
Evocations     | 9 11 14 | 14.3
Dodging        | 5 |  5.6
Throwing       | |  1.7

Action                   |  1- 3 |  4- 6 |  7- 9 | 10-12 || total
-------------------------+-------+-------+-------+-------++-------
Melee: Triple sword      |    10 |    20 |    63 |   173 ||   266
Invok: Greater Servant o |       |       |       |     4 ||     4
 Abil: Heal Wounds       |       |     1 |       |     6 ||     7
Evoke: Lightning rod     |       |       |       |     4 ||     4
       Box of beasts     |       |       |       |     3 ||     3
       Sack of spiders   |       |       |       |     1 ||     1
  Use: Potion            |     1 |       |       |     5 ||     6
       Scroll            |       |       |       |     1 ||     1
 Stab: Distracted        |       |       |       |     1 ||     1
  Eat: Bread ration      |       |       |       |     1 ||     1
Armor: Gold dragon scale |    17 |    50 |   187 |   358 ||   612
       Leather armour    |     5 |       |       |       ||     5
Dodge: Dodged            |     7 |     6 |    74 |   161 ||   248
       Rpst.: Triple sword |     1 |     2 |    19 |    37 ||    59
